 Dungeon Crawl Stone Soup version 0.25-a0-578-gc91f01c39c (webtiles) character file.

Game seed: 3175678281425970690, levelgen mode: deterministic

1840 Flugslaktarn the Cleaver (level 8, -6/78 HPs)
             Began as a Minotaur Fighter on Mar 3, 2020.
             Was a Follower of Makhleb.
             Mangled by Maggie
             ... wielding a +0 war axe
              (10 damage)
             ... on level 8 of the Dungeon.
             The game lasted 00:02:08 (5322 turns).

Flugslaktarn the Cleaver (Minotaur Fighter)         Turns: 5322, Time: 00:02:08

Health: -6/78      AC:  6    Str: 22    XL:     8   Next: 87%
Magic:  9/9        EV:  5    Int:  5    God:    Makhleb [*.....]
Gold:   209        SH: 10    Dex: 11    Spells: 7/7 levels left

rFire    . . .     SeeInvis .   a - +0 war axe
rCold    + . .     Gourm    .   l - +0 kite shield
rNeg     . . .     Faith    .   h - +0 plate armour
rPois    .         Spirit   .   (helmet restricted)
rElec    .         Reflect  .   (no cloak)
rCorr    .         Harm     .   (no gloves)
MR       .....                  j - +0 pair of boots
Stlth    ..........             (no amulet)
HPRegen  0.63/turn              c - ring of protection from cold
MPRegen  0.11/turn              (no ring)

@: brilliant, corroded, flying, mesmerised
A: retaliatory headbutt, horns 2, regeneration 1, robust 1, screaming 1, subdued
magic 1
a: Renounce Religion


You were on level 8 of the Dungeon.
You worshipped Makhleb.
Makhleb was aware of your devotion.
You were not hungry.

You visited 1 branch of the dungeon, and saw 8 of its levels.

You collected 209 gold pieces.

Inventory:

Hand Weapons
 a - a +0 war axe (weapon)
Armour
 b - a +0 scale mail
 h - a +0 plate armour (worn)
   (You found it on level 1 of the Dungeon)
 j - a +0 pair of boots (worn)
   (You found it on level 1 of the Dungeon)
 l - a +0 kite shield (worn)
Jewellery
 c - a ring of protection from cold (left hand)
   (You found it on level 4 of the Dungeon)
 o - an uncursed ring of ice {unknown}
   (You found it on level 5 of the Dungeon)
 p - an uncursed ring of ice {unknown}
   (You found it on level 5 of the Dungeon)
Wands
 u - a wand of paralysis (9)
   (You found it on level 7 of the Dungeon)
 v - a wand of digging (5)
   (You found it on level 7 of the Dungeon)
 z - a wand of clouds (4)
   (You found it on level 7 of the Dungeon)
Scrolls
 f - a scroll of enchant weapon {unknown}
 g - 4 scrolls of remove curse {unknown}
 k - a scroll of immolation {unknown}
 m - 8 scrolls of identify {unknown}
 n - 2 scrolls of fog {unknown}
 w - a scroll of fear {unknown}
 x - a scroll of amnesia {unknown}
 y - a scroll of blinking {unknown}
Potions
 d - a potion of might
 i - 3 potions of brilliance
 q - a potion of flight
 r - a potion of mutation
 s - 2 potions of lignification {unknown}
 t - a potion of heal wounds {unknown}
Comestibles
 e - 5 rations
 A - 3 chunks of flesh


   Skills:
 + Level 6.8 Fighting
 * Level 8.7 Axes
 + Level 6.7 Armour
 + Level 6.9 Shields
 + Level 3.4 Invocations


You had 7 spell levels left.
You didn't know any spells.
Your spell library was empty.

Dungeon Overview and Level Annotations

Branches:
Dungeon (8/15)             Temple (0/1) D:4
   Lair: D:8-11

Altars:
Elyvilon
Hepliaklqana
Kikubaaqudgha
Makhleb
Nemelex Xobeh
Qazlal
Ru
Uskayaw
Vehumet
Zin

Annotations:
D:8 Maggie


Innate Abilities, Weirdness & Mutations

You reflexively headbutt those who attack you in melee.
You have a pair of horns on your head.
Your natural rate of healing is unusually fast.
You are robust. (+10% HP)
You occasionally shout uncontrollably at your foes.
Your spells are a little easier to cast, but a little less powerful.


Message History

Maggie is heavily wounded.
Maggie zaps a wand.
The bolt of acid hits you!!
* * * LOW HITPOINT WARNING * * *
The acid corrodes you!
You are splashed with acid!
* * * LOW HITPOINT WARNING * * *
You are too injured to fight recklessly!
You are too injured to fight recklessly!
You are too injured to fight recklessly!
It was a potion of brilliance.
You feel clever all of a sudden. Maggie hits you with a +0 war axe.
* * * LOW HITPOINT WARNING * * *
It was a potion of mutation.
You feel extremely strange.
Your connection to magic feels subdued.
You feel the urge to shout.
You feel robust.
You begin to heal more quickly.
You block Maggie's attack.
It was a potion of flight.
You feel very buoyant.
You fly up into the air.
Maggie hits you with a +0 war axe!
You die...

#########. #.../.....
#.........
###........#
####.!........#
####.............# ..
#.....รท.#>@......#
.>....##..###..@.....#
....# #..## #........#
......#.## ########.#
....#..############.#
.....................
#.......#####.......#
##...............<..##
#..#.................


You could see Maggie.

Vanquished Creatures
  An ice beast (D:7)
  An orc warrior (D:8)
  A sky beast (D:5)
  An ogre (D:4)
  3 phantoms
  A scorpion (D:7)
  5 killer bees (D:7)
  A howler monkey (D:4)
  A crimson imp (D:6)
  A bullfrog zombie (D:7)
  2 quasits
  2 hounds
  A centaur skeleton (D:5)
  2 orc priests
  3 iguanas
  5 orc wizards
  7 worker ants
  A killer bee zombie (D:7)
  A hound skeleton (D:4)
  11 adders
  2 river rats (D:4)
  An ooze (D:1)
  2 adder skeletons
  2 worms (D:4)
  4 leopard geckos
  21 orcs
  2 bats (D:2)
  6 giant cockroaches
  4 hobgoblins
  6 jackals
  A quokka (D:5)
  2 ball pythons
  3 frilled lizards
  4 rats
111 creatures vanquished.

Notes
Turn   | Place    | Note
-------+----------+-------------------------------------------
     0 | D:1      | Flugslaktarn the Minotaur Fighter began the quest for the
                  | Orb.
     0 | D:1      | Reached XP level 1. HP: 19/19 MP: 0/0
   236 | D:1      | Reached XP level 2. HP: 27/27 MP: 1/1
   475 | D:3      | Reached skill level 3 in Axes
   615 | D:4      | Noticed a phantom
   641 | D:4      | Reached XP level 3. HP: 26/33 MP: 2/2
   656 | D:4      | Noticed a phantom
   660 | D:4      | Killed a phantom
   660 | D:4      | Reached skill level 4 in Axes
   660 | D:4      | Reached XP level 4. HP: 30/41 MP: 3/3
   660 | D:4      | Reached XP level 5. HP: 34/47 MP: 4/4
   665 | D:4      | Killed a phantom
   669 | D:4      | Reached skill level 5 in Axes
   736 | D:4      | Reached XP level 6. HP: 52/55 MP: 5/5
   837 | D:4      | Reached skill level 5 in Fighting
   837 | D:4      | Reached skill level 5 in Armour
   837 | D:4      | Reached skill level 5 in Shields
   872 | D:4      | Found a burning altar of Makhleb.
   872 | D:4      | Noticed a green death
   911 | D:4      | Noticed a hellwing
   911 | D:4      | Noticed a smoke demon
   913 | D:4      | Became a worshipper of Makhleb the Destroyer
   986 | D:4      | Found a stormy altar of Qazlal.
  1272 | D:4      | Reached skill level 6 in Axes
  1272 | D:4      | Reached XP level 7. HP: 38/61 MP: 6/6
  1414 | D:4      | Reached skill level 1 in Invocations
  1605 | D:4      | Found a staircase to the Ecumenical Temple.
  1787 | D:5      | Entered Level 5 of the Dungeon
  2000 | D:5      | Reached * piety under Makhleb
  2434 | D:5      | Found a hide-covered altar of Uskayaw.
  2879 | D:6      | Reached skill level 7 in Axes
  2990 | D:6      | Found a hazy altar of Hepliaklqana.
  3467 | D:6      | Reached XP level 8. HP: 70/70 MP: 8/8
  3967 | D:7      | Reached skill level 8 in Axes
  4972 | D:7      | Found a sacrificial altar of Ru.
  4972 | D:7      | Found an ancient bone altar of Kikubaaqudgha.
  4972 | D:7      | Found a glowing silver altar of Zin.
  4972 | D:7      | Found a sparkling altar of Nemelex Xobeh.
  4980 | D:7      | Found a white marble altar of Elyvilon.
  4984 | D:7      | Found a radiant altar of Vehumet.
  5314 | D:8      | Noticed Maggie
  5319 | D:8      | HP: 3/71 [acid (12)]
  5321 | D:8      | Gained mutation: Your spells are a little easier to cast,
                  | but a little less powerful. [potion of mutation]
  5321 | D:8      | Gained mutation: You occasionally shout uncontrollably at
                  | your foes. [potion of mutation]
  5321 | D:8      | Gained mutation: You are robust. (+10% HP) [potion of
                  | mutation]
  5321 | D:8      | Gained mutation: Your natural rate of healing is unusually
                  | fast. [potion of mutation]
  5322 | D:8      | Mangled by Maggie

Levels and vault maps discovered:
D:1:      scummos_arrival_hexagon, layout_loops_corners
D:2:      layout_basic, xom_teletrap_fun
D:3:      layout_loops_ring, gammafunk_ghost_smash
D:4:      layout_cave_pools, makhleb_altar_promises_db,
          minmay_temple_entry_junction, first_ration, lightli_sewer_entry_pipes,
          nicolae_qazlal_general_emergency
D:5:      layout_basic, nicolae_overflow_crystal_walls
D:6:      layout_loops_corners, lemuel_crystal_altar, grunt_decor_mini_mirrors,
          minmay_lizard_king
D:7:      layout_layer_cave, minmay_overflow_temple_hex
D:8:      layout_rooms, david_nohive_1, uniq_maggie

Skill      XL: |  1  2  3  4  5  6  7  8 |
---------------+-------------------------+-----
Axes           | 3 4 5 6 7 8 |  8.7
Shields        | 4 5 6 |  6.9
Armour         | 4 5 6 |  6.7
Fighting       | 4 5 6 |  6.8
Invocations    | 2 3 |  3.4

Action                   |  1- 3 |  4- 6 |  7- 9 || total
-------------------------+-------+-------+-------++-------
Melee: War axe           |    54 |    66 |   309 ||   429
       Headbutt          |    10 |    13 |    45 ||    68
  Use: Potion            |       |       |     3 ||     3
  Eat: Chunk             |       |     1 |     9 ||    10
       Ration            |       |       |     2 ||     2
Armor: Scale mail        |     3 |       |       ||     3
       Plate armour      |    34 |    37 |   212 ||   283
Dodge: Dodged            |     9 |    16 |    60 ||    85
Block: Kite shield       |    31 |    34 |   175 ||   240

Table legend:
 A = Non-vault XP
 B = Vault XP
 C = Vault XP percentage of total XP
 D = Non-vault monster count
 E = Vault monster count
 F = Vault count percentage of total count
                 A         B        C        D         E       F
            +---------+---------+-------+---------+---------+-------
      Total |    2477 |     152 |   5.8 |      93 |      18 |  16.2
            +---------+---------+-------+---------+---------+-------
        D:1 |      14 |       0 |   0.0 |       5 |       0 |   0.0
        D:2 |       5 |       0 |   0.0 |       3 |       0 |   0.0
        D:3 |      21 |       0 |   0.0 |       8 |       0 |   0.0
        D:4 |     718 |     105 |  12.8 |      25 |      12 |  32.4
        D:5 |     420 |       0 |   0.0 |      15 |       0 |   0.0
        D:6 |     267 |      47 |  15.0 |      13 |       6 |  31.6
        D:7 |     812 |       0 |   0.0 |      20 |       0 |   0.0
        D:8 |     220 |       0 |   0.0 |       4 |       0 |   0.0
            +---------+---------+-------+---------+---------+-------
